 Dungeon Crawl Stone Soup version 0.29.1-15-g9cfb28693d (webtiles) character file.

Game seed: 1105686277541710855

266 croobank the Firebug (level 6, -9/44 HPs)
             Began as a Demonspawn Fire Elementalist on Apr 10, 2023.
             Mangled by an ogre
             ... wielding a +0 giant club
              (20 damage)
             ... on level 4 of the Dungeon.
             The game lasted 00:07:42 (3425 turns).

croobank the Firebug (Demonspawn Fire Elementalist) Turns: 3425, Time: 00:07:42

Health: -9/44      AC:  3    Str:  8    XL:     6   Next: 0%
Magic:  0/10       EV: 12    Int: 19    God:
Gold:   170        SH:  0    Dex: 13    Spells: 4/11 levels left

rFire   . . .      SeeInvis .   a - +0 falchion
rCold   . . .      Faith    .   (no shield)
rNeg    + . .      Spirit   .   e - +0 robe
rPois   .          Reflect  .   (no helmet)
rElec   .          Harm     .   (no cloak)
rCorr   .          Rampage  .   (no gloves)
Will    .....                   p - +0 pair of boots
Stlth   ++........              (no amulet)
HPRegen 0.14/turn               u - ring of positive energy
MPRegen 0.12/turn               (no ring)

@: no status effects
A: claws 1, demonic guardian 1
a: no special abilities


You were on level 4 of the Dungeon.
You visited 1 branch of the dungeon, and saw 4 of its levels.

You collected 170 gold pieces.

Inventory:

Hand Weapons
 a - a +0 falchion (weapon)
 b - a +0 sling
 f - a +0 short sword
 i - a +0 quarterstaff
 j - a +0 dagger
 x - a +0 trident
Armour
 e - a +0 robe (worn)
 n - a +0 chain mail of willpower
 p - a +0 pair of boots (worn)
Jewellery
 u - a ring of positive energy (left claw)
Scrolls
 c - a scroll of acquirement {unknown}
 g - a scroll of fog {unknown}
 h - a scroll of fear {unknown}
 l - a scroll of enchant armour {unknown}
 m - 4 scrolls of noise {unknown}
 o - 2 scrolls of teleportation {unknown}
 q - a scroll of magic mapping {unknown}
 v - a scroll of immolation {unknown}
 w - a scroll of silence {unknown}
Potions
 d - a potion of magic
 k - 2 potions of ambrosia
 r - a potion of flight
 t - 2 potions of lignification {unknown}
 z - a potion of might {unknown}


   Skills:
 + Level 1.7 Fighting
 + Level 2.8 Dodging
 + Level 3.0 Stealth
 + Level 3.0 Spellcasting
 + Level 2.6 Conjurations
 + Level 3.4 Fire Magic


You had 4 spell levels left.
You knew the following spells:

 Your Spells              Type           Power      Damage    Failure   Level
a - Foxfire               Conj/Fire      56%        2x1d6     4%          1
b - Scorch                Fire           32%        2d6       5%          2
c - Flame Wave            Conj/Fire      14%        2d6       41%         4

Your spell library contained the following spells:

 Spells                   Type           Power      Damage    Failure   Level
 Conjure Flame            Conj/Fire      14%        6-21      13%         3
 Inner Flame              Hex/Fire       9%         N/A       22%         3


Dungeon Overview and Level Annotations

Branches:
Dungeon (4/15)
 Temple: D:4-7

Altars:


Innate Abilities, Weirdness & Mutations

You have sharp fingernails.
A weak demonic guardian rushes to your aid.


Message History

Confirm with . or Enter, or press ? or * to list all spells.
Flames lash the ogre.
The ogre is lightly wounded.
The ogre's fire resistance burns away.
The ogre hits you with a +0 giant club!
A demonic guardian appears!
Casting: Scorch (safe; 5% risk of failure)
Confirm with . or Enter, or press ? or * to list all spells.
Flames lash the ogre.
The ogre is burned terribly!
The ogre is moderately wounded.
The ogre barely misses you.
Your iron imp hits the ogre.
Casting: Scorch (safe; 5% risk of failure)
Confirm with . or Enter, or press ? or * to list all spells.
Flames lash the ogre.
The ogre is burned terribly!
The ogre is heavily wounded.
You hear a shout!
The ogre hits your iron imp with a +0 giant club!!
Your iron imp dies!
Your iron imp disappears in a puff of smoke!
Casting: Scorch (safe; 5% risk of failure)
Confirm with . or Enter, or press ? or * to list all spells.
Flames lash the ogre.
The ogre is burned terribly!
The ogre is severely wounded.
Casting: Scorch (safe; 5% risk of failure)
Confirm with . or Enter, or press ? or * to list all spells.
Flames lash the ogre.
The ogre is burned terribly!
The ogre is almost dead.
The ogre hits you with a +0 giant club!
* * * LOW HITPOINT WARNING * * *
You barely miss the ogre.
The ogre is almost dead.
Unknown command.
Unknown command.
You feel better. The ogre hits you with a +0 giant club!
* * * LOW HITPOINT WARNING * * *
Casting: Scorch (safe; 5% risk of failure)
Confirm with . or Enter, or press ? or * to list all spells.
You conjure some foxfire!
The ogre hits you with a +0 giant club!!
You die...

....#............#...
... #.....##.........
........#...#......
......#..##.........
......#...#....#....
..........#....##..#
...........(..####.#
.##.#...v.......
#..O@.......
#.....v..#####.
##.........
#...........
##...........#
#........####
......#### .......#


You could see an ogre (combustible, ally target).

Vanquished Creatures
  2 scorpions
  A hound (D:4)
  An orc priest (D:3)
  An iguana (D:4)
  2 adders (D:2)
  A dart slug (D:3)
  6 orcs (D:3)
  5 endoplasms
  3 giant cockroaches
  5 goblins
  6 hobgoblins
  2 jackals
  3 kobolds
  4 ball pythons
  2 bats (D:2)
  A frilled lizard (D:1)
  2 rats
47 creatures vanquished.

Vanquished Creatures (others)
  70 foxfires
  4 plants (D:3)
74 creatures vanquished.

Grand Total: 121 creatures vanquished

Notes
Turn   | Place    | Note
-------+----------+-------------------------------------------
     0 | D:1      | croobank the Demonspawn Fire Elementalist began the quest
                  | for the Orb.
     0 | D:1      | Reached XP level 1. HP: 13/13 MP: 3/3
   303 | D:1      | Gained mutation: A weak demonic guardian rushes to your
                  | aid. [demonic ancestry]
   303 | D:1      | Reached XP level 2. HP: 19/19 MP: 0/5
   306 | D:1      | Learned a level 2 spell: Scorch
   553 | D:1      | You fall into a shaft and drop 1 floor!
   857 | D:2      | Reached XP level 3. HP: 24/24 MP: 1/6
  1964 | D:3      | Found a faded altar of an unknown god.
  2477 | D:3      | Reached XP level 4. HP: 17/31 MP: 3/7
  2656 | D:4      | Noticed a scorpion
  2662 | D:4      | Noticed an ogre
  2677 | D:2      | Killed a scorpion
  2678 | D:2      | Reached skill level 1 in Fighting
  2678 | D:2      | Gained mutation: You have sharp fingernails. [demonic
                  | ancestry]
  2678 | D:2      | Reached XP level 5. HP: 13/37 MP: 0/9
  3285 | D:3      | Learned a level 4 spell: Flame Wave
  3328 | D:4      | Reached XP level 6. HP: 44/44 MP: 5/10
  3425 | D:4      | Mangled by an ogre

Illustrated notes

Levels and vault maps discovered:
D:1:      lordsloth_arrival_two_stooges, layout_rooms
D:2:      layout_rooms
D:3:      layout_rooms, dilly_ecumenical_altar_fadedgnrine, serial_corexii_hall,
          chequers_hall_statues_y, corexii_hall_statues_l,
          corexii_hall_statues_u, corexii_hall_statues_x
D:4:      layout_cave_pools, serial_shops, nicolae_shop_stone, shop,
          uniq_grinder

Skill      XL: |  1  2  3  4  5 |
---------------+----------------+-----
Stealth        | 2 3 |  3.0
Dodging        | 2 |  2.8
Fire Magic     | 3 |  3.4
Conjurations   | 2 |  2.6
Fighting       | 1 |  1.7
Spellcasting   | 3 |  3.0

Action                   |  1- 3 |  4- 6 || total
-------------------------+-------+-------++-------
Melee: Falchion          |     4 |     3 ||     7
 Fire: Sling             |    29 |     3 ||    32
 Cast: Foxfire           |    34 |     7 ||    41
       Scorch            |    14 |    22 ||    36
  Use: Scroll            |     3 |       ||     3
       Potion            |       |     1 ||     1
Armor: Robe              |     1 |     9 ||    10
Dodge: Dodged            |    11 |    30 ||    41
